 Seeded DCSS version 0.30.1-9-gdf580d7c3d (webtiles) character file.

Game seed: 6351066067085065685 (custom seed)

1562 Esekla the Thaumaturge (level 8, -6/41 HPs)
             Began as a Deep Elf Wanderer on Oct 2, 2023.
             Was a Believer of Vehumet.
             Mangled by a gnoll sergeant
             ... wielding a +4 trident of venom
              (10 damage)
             ... on level 7 of the Dungeon.
             The game lasted 00:35:13 (5420 turns).

Esekla the Thaumaturge (Deep Elf Wanderer)          Turns: 5420, Time: 00:35:14

Health: -6/41      AC:  5    Str: 11    XL:     8   Next: 58%
Magic:  22/24      EV: 12    Int: 21    God:    Vehumet [**....]
Gold:   373        SH:  4    Dex: 11    Spells: 17/27 levels left

rFire   . . .        a - +2 dagger (vamp)
rCold   . . .        d - +0 buckler
rNeg    . . .        c - +0 robe
rPois   .            k - +0 helmet
rElec   .            E - +0 cloak
rCorr   .            j - +0 pair of gloves
SInv    .            (no boots)
Will    .....        z - amulet of magic regeneration
Stlth   ++           (no ring)
HPRegen 0.26/turn    (no ring)
MPRegen 0.59/turn

%: no passive effects
@: lethally poisoned (-6 -> -35), attractive
A: no striking features
a: Renounce Religion


You were on level 7 of the Dungeon.
You worshipped Vehumet.
Vehumet was pleased with you.
You visited 1 branch of the dungeon, and saw 7 of its levels.

You collected 373 gold pieces.

Inventory:

Hand Weapons
 a - a +2 vampiric dagger (weapon)
 r - a +0 trident
 s - the +5 rapier of the Hero {heavy, rN+ Dex+3}
   (You found it on level 3 of the Dungeon)

   Dex:       It affects your dexterity (+3).
   rN:        It protects you from negative energy.
Missiles
 x - 7 poisoned darts (quivered)
Armour
 c - a +0 robe (worn)
 d - a +0 buckler (worn)
 j - a +0 pair of gloves (worn)
 k - a +0 helmet (worn)
 E - a +0 cloak (worn)
Jewellery
 z - an amulet of magic regeneration (around neck)
Wands
 q - a wand of roots (16)
 B - a wand of flame (15)
 G - a wand of mindburst (9)
Scrolls
 g - 6 scrolls of identify {unknown}
 m - 2 scrolls of amnesia {unknown}
 n - a scroll of enchant armour {unknown}
 o - 3 scrolls of enchant weapon {unknown}
 p - a scroll of immolation {unknown}
 u - 5 scrolls of blinking {unknown}
 v - 2 scrolls of fog {unknown}
 y - a scroll of magic mapping {unknown}
 A - 2 scrolls of fear
 C - a scroll of silence {unknown}
 D - a scroll of summoning {unknown}
 F - 2 scrolls of poison {unknown}
 H - a scroll of teleportation {unknown}
Potions
 b - 2 potions of lignification
 e - 2 potions of ambrosia {unknown}
 f - 5 potions of attraction
 h - a potion of heal wounds {unknown}
 i - 6 potions of curing {unknown}
 l - a potion of mutation {unknown}
 t - 2 potions of haste {unknown}
 w - 3 potions of brilliance {unknown}


   Skills:
 + Level 2.7 Short Blades
 + Level 0.6 Throwing
 * Level 4.4 Dodging
 + Level 3.1 Stealth
 + Level 1.7 Shields
 * Level 10.2 Spellcasting
 + Level 1.5 Conjurations
 * Level 5.4 Necromancy
 + Level 4.0 Translocations
 + Level 1.0 Invocations


You had 17 spell levels left.
You knew the following spells:

 Your Spells              Type           Power      Damage    Failure   Level
a - Magic Dart            Conj           68%        1d6       4%          1
b - Blink                 Tloc           54%        N/A       2%          2
d - Vampiric Draining     Necr           33%        2d8       3%          3
p - Apportation           Tloc           54%        N/A       1%          1
t - Teleport Other        Tloc           27%        N/A       5%          3

Your spell library contained the following spells:

 Spells                   Type           Power      Damage    Failure   Level
 Momentum Strike          Conj/Tloc      44%        3d9       4%          2
 Lesser Beckoning         Tloc           54%        N/A       2%          2
 Gell's Gravitas          Tloc           27%        N/A       5%          3
 Ignite Poison            Fire/Tmut/Pois 10%        N/A       28%         3
 Spider Form              Tmut/Pois      10%        N/A       28%         3
 Cause Fear               Hex            5%         N/A       67%         4
 Summon Mana Viper        Hex/Summ       10%        N/A       95%         5


Dungeon Overview and Level Annotations

Branches:
Dungeon (7/15)             Temple (0/1) D:6

Altars:
Dithmenos
Hepliaklqana
Okawaru
Qazlal
Trog
Vehumet
Zin
The Shining One

Shops:
D:2 =   D:4 (

Annotations:
D:6 Pikel


Message History

You feel your power returning.
The gnoll sergeant shouts!
Throw: 9 darts (poison)
Press: ? - help, Q - select action, (/) - cycle Shift-Dir - straight line, f - gnoll sergeant
Aim: a gnoll sergeant, wielding a +4 trident of venom, wearing a +0 ring mail and wearing a +0 buckler (62% to hit)
You throw a poisoned dart.
The poisoned dart hits the gnoll sergeant.
Throw: 8 darts (poison)
Press: ? - help, Q - select action, (/) - cycle Shift-Dir - straight line, f/p - gnoll sergeant
Aim: a gnoll sergeant, wielding a +4 trident of venom, wearing a +0 ring mail and wearing a +0 buckler (62% to hit)
You throw a poisoned dart.
The poisoned dart hits the gnoll sergeant.
The gnoll sergeant is poisoned.
The gnoll sergeant barely misses you.
Things that are here:
a +0 club; a gnoll corpse You hit the gnoll sergeant but do no damage.
The gnoll sergeant misses you.
You barely miss the gnoll sergeant.
You hit the gnoll sergeant but do no damage.
The gnoll sergeant is lightly wounded.
The gnoll sergeant hits you with a +4 trident of venom!
You are poisoned.
Casting: Vampiric Draining (dangerous; 3% risk of failure)
Confirm with . or Enter, or press ? or * to list all spells.
Aiming: Vampiric Draining (dangerous; 3% risk of failure)
Press: ? - help, Shift-Dir - straight line, f/p - gnoll sergeant
Aim: a gnoll sergeant, wielding a +4 trident of venom, wearing a +0 ring mail and wearing a +0 buckler (lightly wounded, poisoned)
You draw life force from the gnoll sergeant!
You feel life coursing into your body.
You feel very sick.
The gnoll sergeant hits you with a +4 trident of venom!
* * * LOW HITPOINT WARNING * * *
You are more poisoned.
It was a potion of attraction.
You feel attractive to monsters.
* * * LOW HITPOINT WARNING * * *
You feel extremely sick.
The gnoll sergeant hits you with a +4 trident of venom!
You die...

#(..'... #.###...
#.# #### ### ## #.#
# <....# #.#
##.##.#..#.##.######
+..................#
#####.####..######.#
#(<@g((.##..# #)#
#.###.#.##..# #.#
#.# #.#.##..# #..
#.# #.#.##..########
#.###.#.##..........
#.....#.##.....#####
#######..'......####
######......)...
#...##.........#


You could see a gnoll sergeant (poisoned).

Vanquished Creatures
  A wyvern (D:7)
  Menkaure (D:7)
  A sky beast (D:6)
  A black bear (D:2)
  An ogre (D:5)
  A centaur (D:7)
  A phantom (D:7)
  A lemure (D:7)
  A bullfrog (D:7)
  2 scorpions (D:5)
  A gnoll bouda (D:4)
  5 hounds
  A jelly (D:6)
  Crazy Yiuf (D:7)
  A sleepcap (D:5)
  4 iguanas
  An orc wizard (D:7)
  15 gnolls
  8 adders
  2 white imps
  A worm (D:4)
  2 dart slugs
  13 orcs
  4 endoplasms
  8 goblins
  5 hobgoblins
  A quokka (D:1)
  6 ball pythons
  4 bats
  4 frilled lizards
  5 kobolds
  A rat (D:2)
104 creatures vanquished.

Notes
Turn   | Place    | Note
-------+----------+-------------------------------------------
     0 | D:1      | Esekla the Deep Elf Wanderer began the quest for the Orb.
     0 | D:1      | Esekla set off with the following items: a +0 club, a
                  | potion of lignification, a +0 robe, a +0 buckler; and the
                  | following spells available to memorise: Apportation, Blink,
                  | Lesser Beckoning, Magic Dart, Ignite Poison, Vampiric
                  | Draining.
     0 | D:1      | Reached XP level 1. HP: 10/10 MP: 7/7
     2 | D:1      | Learned a level 1 spell: Magic Dart
     4 | D:1      | Learned a level 1 spell: Apportation
   360 | D:4      | Found a radiant altar of Vehumet.
   368 | D:4      | Found an iron altar of Okawaru.
   379 | D:4      | Found a glowing silver altar of Zin.
   465 | D:4      | Became a worshipper of Vehumet
   651 | D:3      | Reached skill level 5 in Spellcasting
   689 | D:3      | Reached XP level 2. HP: 15/15 MP: 7/10
   692 | D:3      | Learned a level 2 spell: Blink
   898 | D:4      | Found Ponaysk's Antique Weapon Boutique.
  1104 | D:3      | Identified the +5 rapier of the Hero {heavy, rN+ Dex+3}
                  | (You found it on level 3 of the Dungeon)
  1127 | D:2      | Found Renulab's Jewellery Shop.
  1540 | D:3      | Found a stormy altar of Qazlal.
  1553 | D:3      | Reached skill level 1 in Dodging
  1553 | D:3      | Reached XP level 3. HP: 19/19 MP: 7/11
  1559 | D:3      | Reached skill level 1 in Necromancy
  1563 | D:3      | Learned a level 3 spell: Vampiric Draining
  1600 | D:3      | Found a bloodstained altar of Trog.
  1603 | D:3      | Found a hazy altar of Hepliaklqana.
  1772 | D:2      | Noticed a black bear
  1883 | D:2      | Reached XP level 4. HP: 22/24 MP: 9/13
  2064 | D:1      | Reached * piety under Vehumet
  2064 | D:1      | Offered knowledge of Sandblast by Vehumet.
  2065 | D:1      | Reached skill level 6 in Spellcasting
  2104 | D:1      | Learned a level 3 spell: Teleport Other
  2477 | D:1      | Reached skill level 1 in Conjurations
  2572 | D:2      | Found a faded altar of an unknown god.
  2601 | D:2      | Reached XP level 5. HP: 28/28 MP: 15/15
  2651 | D:2      | Killed a black bear
  2652 | D:2      | Reached skill level 1 in Short Blades
  3112 | D:4      | Found a glowing golden altar of the Shining One.
  3152 | D:4      | Reached XP level 6. HP: 32/32 MP: 12/17
  3351 | D:5      | Entered Level 5 of the Dungeon
  3356 | D:5      | Got the Parchment of the Lumpy Olives
  3376 | D:5      | Found a shadowy altar of Dithmenos.
  3448 | D:5      | Reached skill level 7 in Spellcasting
  3711 | D:4      | Reached ** piety under Vehumet
  3715 | D:4      | Offered knowledge of Freeze by Vehumet.
  3786 | D:4      | Reached XP level 7. HP: 32/36 MP: 20/20
  4212 | D:5      | Reached skill level 8 in Spellcasting
  4711 | D:6      | Found a staircase to the Ecumenical Temple.
  4763 | D:6      | Reached skill level 9 in Spellcasting
  4823 | D:6      | Reached XP level 8. HP: 39/41 MP: 23/23
  4857 | D:6      | Noticed Pikel
  4885 | D:7      | Found a runed translucent door.
  4923 | D:7      | Noticed Crazy Yiuf
  4930 | D:7      | Killed Crazy Yiuf
  5158 | D:7      | Noticed Menkaure
  5180 | D:7      | Killed Menkaure
  5181 | D:7      | Reached skill level 5 in Necromancy
  5207 | D:7      | Reached skill level 10 in Spellcasting
  5338 | D:7      | Offered knowledge of Momentum Strike by Vehumet.
  5420 | D:7      | Mangled by a gnoll sergeant

Illustrated notes

Levels and vault maps discovered:
D:1:      sevenhm_arrival_forest_fort_small_3, layout_rooms,
          chequers_serial_rivers_room_b, minmay_misc_feat_five
D:2:      layout_loops_ring, dreamdust_ecumenical_altar_angels_and_demons,
          serial_shops, shop
D:3:      layout_basic, grunt_temple_overflow_open, minmay_misc_feat_iff
D:4:      layout_basic, nicolae_overflow_quartered_altars, serial_shops,
          nicolae_diamond_shop
D:5:      layout_loops_ring, lemuel_doored_altar, minmay_misc_feat_rows,
          dreamdust_wishing_well
D:6:      layout_loops_cross, fedhas_altar_fruit_tree,
          minmay_temple_entry_glass, uniq_pikel, uniq_blork_the_orc
D:7:      layout_basic, uniq_menkaure, uniq_joseph, uniq_crazy_yiuf_cottage

Skill      XL: |  1  2  3  4  5  6  7  8 |
---------------+-------------------------+-----
Spellcasting   | 5 6 7 9 10 | 10.2
Dodging        | 1 2 3 4 |  4.4
Necromancy     | 1 2 3 4 5 |  5.4
Conjurations   | 1 |  1.5
Short Blades   | 1 2 |  2.7
Translocations | 3 4 |  4.0
Stealth        | 2 3 |  3.1
Throwing       | |  0.6
Shields        | |  1.7
Invocations    | |  1.0

Action                     |  1- 3 |  4- 6 |  7- 9 || total
---------------------------+-------+-------+-------++-------
  Melee: Short sword       |    20 |       |       ||    20
         Rapier            |    17 |    47 |    41 ||   105
         Dagger            |       |    24 |    73 ||    97
  Throw: Dart              |       |    10 |    11 ||    21
   Cast: Apportation       |    24 |    20 |    25 ||    69
         Magic Dart        |    30 |    47 |    31 ||   108
         Blink             |     1 |     2 |     1 ||     4
         Vampiric Draining |     1 |    13 |    26 ||    40
    Use: Scroll            |     1 |       |       ||     1
         Potion            |       |       |     1 ||     1
   Stab: Sleeping          |       |     4 |     3 ||     7
         Distracted        |       |       |     1 ||     1
 Armour: Robe              |    21 |    11 |    26 ||    58
  Dodge: Dodged            |    40 |    39 |    82 ||   161
  Block: Buckler           |     8 |    13 |    23 ||    44
